 Dungeon Crawl Stone Soup version 0.31-a0-819-gf6de2f5ab6 (webtiles) character file.

Game seed: 14077637953580408269

15 Shayle the Vexing (level 2, -1/28 HPs)
             Began as an Ogre Hexslinger on Sept 23, 2023.
             Slain by a gnoll
             ... wielding a +0 flail
              (2 damage)
             ... on level 1 of the Dungeon.
             The game lasted 00:00:50 (228 turns).

Shayle the Vexing (Ogre Hexslinger)                  Turns: 228, Time: 00:00:50

Health: -1/28      AC:  3    Str: 11    XL:     2   Next: 50%
Magic:  4/4        EV: 10    Int: 14    God:
Gold:   46         SH:  0    Dex: 11    Spells: 4/4 levels left

rFire   . . .        a - +1 sling
rCold   . . .        (no shield)
rNeg    . . .        c - +0 robe
rPois   .            (helmet restricted)
rElec   .            (no cloak)
rCorr   .            (gloves unavailable)
SInv    .            (boots unavailable)
Will    .....        (no amulet)
Stlth   +            (no ring)
HPRegen 0.24/turn    (no ring)
MPRegen 0.09/turn

%: no passive effects
@: no status effects
A: large, unfitting armour, tough skin 1
a: no special abilities


You were on level 1 of the Dungeon.
You visited 1 branch of the dungeon, and saw 1 of its levels.

You collected 46 gold pieces.

Inventory:

Hand Weapons
 a - a +1 sling (weapon)
 d - a +0 broad axe
Armour
 c - a +0 robe (worn)
Scrolls
 b - a scroll of poison
 f - a scroll of fear {unknown}
Potions
 e - a potion of attraction {unknown}


   Skills:
 + Level 1.6 Fighting
 + Level 1.5 Ranged Weapons
 + Level 2.0 Dodging
 + Level 1.5 Spellcasting
 + Level 2.8 Hexes
 + Level 1.2 Fire Magic


You had 4 spell levels left.
You didn't know any spells.
Your spell library contained the following spells:

 Spells                   Type           Power      Damage    Failure   Level
 Jinxbite                 Hex            18%        N/A       12%         2
 Sigil of Binding         Hex            9%         N/A       24%         3
 Apportation              Tloc           2%         N/A       26%         1
 Necrotise                Necr           4%         1d4       26%         1
 Summon Small Mammal      Summ           4%         N/A       26%         1
 Inner Flame              Hex/Fire       6%         N/A       32%         3
 Cause Fear               Hex            4%         N/A       61%         4
 Dimensional Bullseye     Hex/Tloc       2%         N/A       80%         4


Dungeon Overview and Level Annotations

Branches:
Dungeon (1/15)

Altars:


Innate Abilities, Weirdness & Mutations

You are too large for most types of armour.
You have tough skin. (AC +1)


Message History

An endoplasm is nearby!
You shoot a sling bullet.
The sling bullet barely misses the endoplasm.
An endoplasm is nearby!
You shoot a sling bullet. The sling bullet hits the endoplasm.
You kill the endoplasm!
Your Dodging skill increases to level 2!
Found 6 stones.
No target in view!
f - a scroll labelled VEYCHYSH SUOJI No target in view!
A gnoll comes into view. It is wielding a +0 flail.
The gnoll shouts!
You see here 12 gold pieces.
You shoot a sling bullet.
The sling bullet hits the gnoll but does no damage.
A gnoll is nearby!
You shoot a sling bullet. The sling bullet hits the gnoll.
The gnoll is lightly wounded.
The gnoll hits you with a +0 flail.
A gnoll is nearby!
You shoot a sling bullet.
The sling bullet barely misses the gnoll.
The gnoll barely misses you. The gnoll hits you with a +0 flail!
A gnoll is nearby!
You shoot a sling bullet. The sling bullet hits the gnoll.
The gnoll is heavily wounded.
The gnoll hits you with a +0 flail.
A gnoll is nearby!
You are too injured to fight recklessly!
A gnoll is nearby!
You shoot a sling bullet.
The sling bullet closely misses the gnoll.
The gnoll closely misses you.
You shoot a sling bullet.
The sling bullet barely misses the gnoll.
The gnoll hits you with a +0 flail!
* * * LOW HITPOINT WARNING * * *
The gnoll hits you with a +0 flail.
You die...

.... ###....# #......#
#......##########
.......##.......#
.#######.#....##.#####.#
........................
#...@g#######+##.....
#....................
#....##...........†..
#....##..............
#....##..........####
####....##....###.......
.............[###.......
..###...................
( #..........#########


You could see a gnoll.

Vanquished Creatures
  A bat (D:1)
  3 endoplasms (D:1)
  A goblin (D:1)
  2 hobgoblins (D:1)
  A ball python (D:1)
  A frilled lizard (D:1)
  2 kobolds (D:1)
  3 rats (D:1)
14 creatures vanquished.

Notes
Turn   | Place    | Note
-------+----------+-------------------------------------------
     0 | D:1      | Shayle the Ogre Hexslinger began the quest for the Orb.
     0 | D:1      | Reached XP level 1. HP: 19/19 MP: 2/2
    54 | D:1      | Reached skill level 1 in Fire Magic
   112 | D:1      | Reached XP level 2. HP: 25/27 MP: 4/4
   228 | D:1      | HP: 1/28 [gnoll/+0 flail (11)]
   228 | D:1      | Slain by a gnoll

Illustrated notes

Levels and vault maps discovered:
D:1:      scummos_arrival_checkerplants, layout_basic

Skill      XL: |  1  2 |
---------------+-------+-----
Fire Magic     | 1 |  1.2
Dodging        | 2 |  2.0
Fighting       | |  1.6
Ranged Weapons | |  1.5
Spellcasting   | |  1.5
Hexes          | |  2.8

Action                     || total
---------------------------++-------
   Fire: Sling             ||    60
 Armour: Robe              ||    21
  Dodge: Dodged            ||    11

Table legend: (Time is in decaauts)
 A = Elapsed time spent in this place.
 B = Non-inter-level travel time spent in this place.
 C = Inter-level travel time spent in this place.
 D = Time resting spent in this place.
 E = Time spent auto-exploring this place.
 F = Levels seen in this place.
 G = Mean time per level.
                   A        B        C        D        E       F      G
               +--------+--------+--------+--------+--------+-----+--------+
         Total |    246 |    246 |      0 |      0 |    136 |   1 |  246.0 |
       Dungeon |    246 |    246 |      0 |      0 |    136 |   1 |  246.0 |
               +--------+--------+--------+--------+--------+-----+--------+

Top non-repeatable levels by time:
     D:1: 246 daAuts
